[Event "ICC tourney 2877 (40 10)"]
[Site "Internet Chess Club"]
[Date "2022.04.09"]
[Round "1"]
[White "HUANG, BRIAN:Checkmater2228"]
[Black "SATHYAN, TEJESH MAYURAN:tjsathyan"]
[Result "0-1"]
[ICCResult "White checkmated"]
[WhiteElo "864"]
[BlackElo "1219"]
[Opening "Sicilian: closed, 2...Nc6"]
[ECO "B23"]
[NIC "SI.44"]
[Time "11:00:27"]
[PlyCount "148"]
[TimeControl "2400+10"]

1. e4 c5 2. Nc3 Nc6 3. Bc4 Nf6 4. Nf3 d6 5. d3 e6 6. Bg5 Be7 7. O-O O-O 8.
Bxf6 Bxf6 9. Re1 a6 10. Rb1 b5 11. Bb3 Na5 12. Ne2 Bd7 13. Ng3 c4 14. dxc4
bxc4 15. Bxc4 Nxc4 16. c3 Bc6 17. Qd3 Ne5 18. Nxe5 Bxe5 19. Re3 Bxg3 20.
Rxg3 Qf6 21. Qxd6 Bxe4 22. Re1 Bg6 23. Qd2 Rfd8 24. Qe3 Rd3 25. Qb6 Rxg3 26.
hxg3 Qd8 27. Qxd8+ Rxd8 28. Re5 h6 29. Ra5 Rd1+ 30. Kh2 Rd2 31. Rxa6 Rxb2
32. Ra8+ Kh7 33. a4 Rc2 34. a5 Rxc3 35. a6 Ra3 36. Ra7 Bd3 37. Rxf7 Rxa6 38.
Rf3 Bg6 39. g4 Ra4 40. Rg3 Rf4 41. f3 e5 42. g5 h5 43. Rh3 Rf5 44. Rg3 Rf4
45. Kg1 e4 46. fxe4 Rxe4 47. Kf2 Rg4 48. Rxg4 hxg4 49. Kg3 Bf5 50. Kf4 Bc8
51. Kg3 Kg6 52. Kh4 g3 53. Kxg3 Kxg5 54. Kf2 Kf4 55. g3+ Kg4 56. Kg2 Bb7+
57. Kh2 Bf3 58. Kg1 Kxg3 59. Kf1 g5 60. Kg1 g4 61. Kf1 Kh2 62. Kf2 Bh1 63.
Kf1 g3 64. Ke2 g2 65. Kf2 g1=Q+ 66. Ke2 Kg3 67. Kd2 Kf3 68. Kc2 Ke3 69. Kc3
Qc1+ 70. Kb3 Kd4 71. Ka2 Qc3 72. Kb1 Qd2 73. Ka1 Kc3 74. Kb1 Qb2#
{White checkmated}
0-1

[Event "ICC tourney 2877 (40 10)"]
[Site "Internet Chess Club"]
[Date "2022.04.09"]
[Round "1"]
[White "STINSON, RUSSELL:rcstinson"]
[Black "BENDRE, KAVIN ANUP:kbendre"]
[Result "0-1"]
[ICCResult "White resigns"]
[WhiteElo "1400"]
[BlackElo "1092"]
[Opening "Sicilian: closed"]
[ECO "B23"]
[NIC "SI.44"]
[Time "11:00:24"]
[PlyCount "50"]
[TimeControl "2400+10"]

1. e4 c5 2. Nc3 d6 3. f4 Nf6 4. Bb5+ Bd7 5. Bc4 a6 6. a4 g6 7. Nf3 Bg7 8.
O-O Nc6 9. d3 Bg4 10. h3 Bxf3 11. Rxf3 Nd4 12. Rf1 O-O 13. Ne2 Nd7 14. c3
Nc6 15. Qe1 Nb6 16. Ba2 e6 17. f5 exf5 18. exf5 Kh8 19. Rf4 Ne5 20. Rh4 Nxd3
21. Qg3 Qe7 22. fxg6 fxg6 23. Bg5 Qxe2 24. Rxh7+ Kxh7 25. Qh4+ Qh5
{White resigns}
0-1

[Event "ICC tourney 2877 (40 10)"]
[Site "Internet Chess Club"]
[Date "2022.04.09"]
[Round "1"]
[White "ZHAO, DANSON:K01-30127679"]
[Black "Chen, Angelique Lee:oklahoo"]
[Result "0-1"]
[ICCResult "White checkmated"]
[WhiteElo "1234"]
[BlackElo "884"]
[Opening "Giuoco Pianissimo: Italian four knights variation"]
[ECO "C50"]
[NIC "IG.02"]
[Time "11:01:21"]
[PlyCount "94"]
[TimeControl "2400+10"]

1. e4 e5 2. Nf3 Nc6 3. Bc4 Bc5 4. Nc3 Nf6 5. d3 h6 6. O-O d6 7. h3 O-O 8.
Bd2 Na5 9. Bb3 Nxb3 10. axb3 c6 11. Na4 b6 12. Nxc5 bxc5 13. Bc3 Re8 14. Re1
Nd7 15. Qd2 Qf6 16. Nh2 Nb6 17. Nf3 Bb7 18. Rad1 Nd7 19. b4 d5 20. exd5 cxd5
21. bxc5 d4 22. Bb4 Bxf3 23. gxf3 Qxf3 24. Kh2 Re6 25. Rg1 Kh8 26. Rg3 Qf5
27. Rdg1 Rg6 28. Rxg6 fxg6 29. Ba3 Qf6 30. b4 a6 31. Qe2 Kh7 32. Rg2 Re8 33.
Bc1 Qc6 34. f3 Nf6 35. Qe1 Qxf3 36. Qg3 Qxg3+ 37. Rxg3 Nd5 38. Bd2 g5 39.
Rg4 Re6 40. Re4 Kg6 41. Kg3 Kf5 42. h4 gxh4+ 43. Kxh4 Rg6 44. Re1 Rg2 45.
Rf1+ Nf4 46. Bxf4 exf4 47. Rc1 Rh2# {White checkmated} 0-1

[Event "ICC tourney 2877 (40 10)"]
[Site "Internet Chess Club"]
[Date "2022.04.09"]
[Round "1"]
[White "HAMLETT, JAMES MORRISON:Hamlett144"]
[Black "Bharathy Mohan, Aarav Sai:aaravbm"]
[Result "1-0"]
[ICCResult "Black resigns"]
[WhiteElo "1254"]
[BlackElo "1004"]
[Opening "Two knights defense (Modern bishop's opening)"]
[ECO "C55"]
[NIC "IG.01"]
[Time "11:00:26"]
[PlyCount "57"]
[TimeControl "2400+10"]

1. e4 e5 2. Nf3 Nc6 3. Bc4 Nf6 4. d3 h6 5. c3 Bc5 6. Nbd2 d6 7. O-O O-O 8.
Nb3 Bb6 9. Be3 Ng4 10. d4 Nxe3 11. fxe3 Re8 12. Qe1 exd4 13. exd4 Be6 14.
Bd3 Bxb3 15. axb3 Ne5 16. Bc2 Nxf3+ 17. Rxf3 d5 18. e5 f6 19. e6 Qd6 20. Re3
c5 21. Rd1 Rac8 22. Bg6 Re7 23. Bf7+ Kh8 24. Qh4 cxd4 25. cxd4 Rc2 26. Rf3
Qb4 27. Rxf6 Bxd4+ 28. Rxd4 Rc1+ 29. Rf1 {Black resigns} 1-0

[Event "ICC tourney 2877 (40 10)"]
[Site "Internet Chess Club"]
[Date "2022.04.09"]
[Round "1"]
[White "WENG, JOHNSON:K01-30136161"]
[Black "Yang, Daniel Benji:DanielYang99"]
[Result "0-1"]
[ICCResult "White checkmated"]
[WhiteElo "1105"]
[BlackElo "1405"]
[Opening "Giuoco Piano"]
[ECO "C53"]
[NIC "IG.02"]
[Time "11:00:31"]
[PlyCount "138"]
[TimeControl "2400+10"]

1. e4 e5 2. Nf3 Nc6 3. Bc4 Bc5 4. c3 Bb6 5. d3 Nf6 6. h3 O-O 7. b4 d6 8. a4
a5 9. b5 Ne7 10. Bg5 Ng6 11. O-O Be6 12. Nbd2 h6 13. Be3 Rc8 14. Qb3 Re8 15.
Rae1 d5 16. exd5 Bxd5 17. Bxd5 Nxd5 18. Bxb6 cxb6 19. c4 Nb4 20. Re3 Qd6 21.
Ne4 Qe6 22. Rfe1 Nf4 23. Ned2 Nfxd3 24. Rxd3 Nxd3 25. Qxd3 Rcd8 26. Qc3 f6
27. Ne4 f5 28. Ned2 e4 29. Nd4 Qe5 30. N2b3 f4 31. Re2 e3 32. f3 Rd7 33. Qc2
Rxd4 34. Nxd4 Qxd4 35. Kf1 Rd8 36. Re1 Rc8 37. Rc1 Rd8 38. Re1 Qd3+ 39. Qxd3
Rxd3 40. Rc1 Ra3 41. Ke2 Rxa4 42. Kd3 Ra2 43. Re1 Rxg2 44. Re2 Rxe2 45. Kxe2
a4 46. Kd3 a3 47. Kc2 a2 48. Kb2 e2 49. Kxa2 e1=Q 50. Kb2 Qe3 51. Kc2 Qxf3
52. Kd2 Qxh3 53. Ke2 f3+ 54. Kf2 Qg2+ 55. Ke3 f2 56. Kd4 f1=Q 57. Ke5 Qge2+
58. Kd6 Qfd1+ 59. Kc7 Qe7+ 60. Kxb6 Qdd6+ 61. Ka5 Qec7+ 62. Ka4 Qd1+ 63. Kb4
Qb1+ 64. Kc3 Qe5+ 65. Kd2 Qd4+ 66. Ke2 Qbe4+ 67. Kf1 Qf6+ 68. Kg1 Qg4+ 69.
Kh2 Qfh4# {White checkmated} 0-1

[Event "ICC tourney 2877 (40 10)"]
[Site "Internet Chess Club"]
[Date "2022.04.09"]
[Round "1"]
[White "SULTAN, BASHIR Cisse:muzikmixer"]
[Black "GUO, MAX:salamenceg"]
[Result "1-0"]
[ICCResult "Black resigns"]
[WhiteElo "1429"]
[BlackElo "1188"]
[Opening "English: Anglo-Grünfeld defense"]
[ECO "A16"]
[NIC "EO.52"]
[Time "11:00:32"]
[PlyCount "49"]
[TimeControl "2400+10"]

1. c4 Nf6 2. Nc3 d5 3. cxd5 Nxd5 4. Nf3 g6 5. h4 Bg7 6. e4 Nxc3 7. dxc3
Qxd1+ 8. Kxd1 Bg4 9. Kc2 O-O 10. Bc4 Nc6 11. Bf4 Bxf3 12. gxf3 Ne5 13. Be2
Rad8 14. Be3 e6 15. f4 Nc6 16. h5 e5 17. f5 a5 18. Rag1 Ne7 19. hxg6 fxg6
20. Bc4+ Kh8 21. fxg6 h6 22. Bxh6 Bxh6 23. g7+ Kh7 24. gxf8=Q Rxf8 25. Rg2
{Black resigns}
1-0

[Event "ICC tourney 2877 (40 10)"]
[Site "Internet Chess Club"]
[Date "2022.04.09"]
[Round "1"]
[White "KODARAPU, NEEV:onix007"]
[Black "JAIN, PARINYA:StockAlpha2020"]
[Result "0-1"]
[ICCResult "White checkmated"]
[WhiteElo "1155"]
[BlackElo "1415"]
[Opening "Queen's pawn, Mason variation"]
[ECO "D00"]
[NIC "QP.08"]
[Time "11:00:29"]
[PlyCount "78"]
[TimeControl "2400+10"]

1. d4 d5 2. Bf4 Nf6 3. e3 Bf5 4. Nf3 e6 5. c3 c5 6. Nbd2 Nc6 7. Bb5 Qb6 8.
Bxc6+ bxc6 9. Qc1 cxd4 10. exd4 Be7 11. O-O O-O 12. h3 c5 13. b3 Rac8 14.
dxc5 Bxc5 15. c4 Bd3 16. Re1 Bxf2+ 17. Kh1 Bxe1 18. Qxe1 dxc4 19. Ne5 Qd4
20. Nxd3 cxd3 21. Be5 Qd8 22. Qg3 Nh5 23. Qg4 g6 24. Nc4 f5 25. Qf3 Qd5 26.
Qe3 f4 27. Qf2 Ng3+ 28. Kh2 Rxc4 29. bxc4 Qxe5 30. Rd1 Rd8 31. Qxa7 Ne4 32.
Kg1 d2 33. Qa4 Nc3 34. Qc2 Nxd1 35. Qxd1 Qe1+ 36. Kh2 Qxd1 37. a4 Qe1 38. c5
Qg3+ 39. Kg1 d1=Q# {White checkmated} 0-1

[Event "ICC tourney 2877 (40 10)"]
[Site "Internet Chess Club"]
[Date "2022.04.09"]
[Round "1"]
[White "Kale, Shubham:shubham07"]
[Black "THAPER, RISHUBH:MajorKey"]
[Result "1-0"]
[ICCResult "Black checkmated"]
[WhiteElo "1411"]
[BlackElo "1145"]
[Opening "English: Mikenas-Carls variation"]
[ECO "A18"]
[NIC "EO.57"]
[Time "11:00:26"]
[PlyCount "49"]
[TimeControl "2400+10"]

1. c4 e6 2. Nc3 Nf6 3. e4 d5 4. cxd5 exd5 5. exd5 Nxd5 6. Bc4 Nb6 7. Bb3 Be7
8. Nf3 O-O 9. O-O Bg4 10. h3 Bh5 11. d4 Bxf3 12. Qxf3 c6 13. d5 Bf6 14. Rd1
Bxc3 15. dxc6 N8d7 16. bxc3 bxc6 17. Ba3 Ne5 18. Qf5 Qc7 19. Bxf8 Rxf8 20.
Re1 Nec4 21. Bxc4 Nxc4 22. Rad1 Rb8 23. Rd7 Qb6 24. Qxf7+ Kh8 25. Qxg7#
{Black checkmated}
1-0

[Event "ICC tourney 2877 (40 10)"]
[Site "Internet Chess Club"]
[Date "2022.04.09"]
[Round "1"]
[White "QIAO, RICHARDSON JINGSI:Richardsonqiao"]
[Black "SOUTHERLAND, TRIPP:Nachooo"]
[Result "0-1"]
[ICCResult "White checkmated"]
[WhiteElo "572"]
[BlackElo "1212"]
[Opening "Sicilian: Najdorf"]
[ECO "B90"]
[NIC "SI.14"]
[Time "11:00:27"]
[PlyCount "60"]
[TimeControl "2400+10"]

1. e4 c5 2. Nf3 d6 3. d4 cxd4 4. Nxd4 Nf6 5. Nc3 a6 6. a4 e6 7. Bg5 Be7 8.
Be2 O-O 9. O-O Bd7 10. f4 Nc6 11. Nxc6 Bxc6 12. e5 Nd5 13. Bxe7 Qxe7 14.
Nxd5 Bxd5 15. exd6 Qxd6 16. Kh1 Qc6 17. Bf3 Rfd8 18. Qc1 Rac8 19. c3 h6 20.
Bxd5 Rxd5 21. Rd1 Rcd8 22. Qc2 Qc4 23. Rxd5 Rxd5 24. g3 Qc6 25. Kg1 Qd6 26.
Qb3 Rd2 27. Qc4 Rxb2 28. Qd4 Qc6 29. Kf1 Qg2+ 30. Ke1 Qe2# {White
checkmated} 0-1

[Event "ICC tourney 2877 (40 10)"]
[Site "Internet Chess Club"]
[Date "2022.04.09"]
[Round "1"]
[White "SAUL, BRUCE H:Bdevil81"]
[Black "WU, DARREN:chessboy111"]
[Result "1/2-1/2"]
[ICCResult "Game drawn by repetition"]
[WhiteElo "1216"]
[BlackElo "768"]
[Opening "Neo-Grünfeld, 6.O-O c6"]
[ECO "D78"]
[NIC "GI.02"]
[Time "11:00:31"]
[PlyCount "102"]
[TimeControl "2400+10"]

1. d4 d5 2. Nf3 Nf6 3. g3 g6 4. Bg2 Bg7 5. O-O O-O 6. c4 c6 7. Nc3 dxc4 8.
Ne5 Be6 9. e3 Nd5 10. Qe2 b5 11. a4 a6 12. axb5 cxb5 13. Nxb5 Nd7 14. Nxd7
Qxd7 15. Nc3 Nxc3 16. bxc3 Ra7 17. Ba3 Qc8 18. Bc5 Rd7 19. e4 f5 20. Qa2
fxe4 21. Bxe4 Bf5 22. Bxf5 Rxf5 23. Qxa6 Qxa6 24. Rxa6 e5 25. Rd1 exd4 26.
Bxd4 Bxd4 27. Rxd4 Rxd4 28. cxd4 Rd5 29. Rc6 Rxd4 30. Kf1 Kf7 31. Ke2 Ke7
32. h3 Kd7 33. Rc5 Kd6 34. Rc8 Kd5 35. Ke3 Re4+ 36. Kd2 Kd4 37. Rd8+ Ke5 38.
f4+ Kf5 39. Rd5+ Ke6 40. Rd8 Ke7 41. Rh8 h5 42. Rg8 Kf7 43. Rc8 Ke7 44. Rg8
Kf7 45. Rc8 Ke7 46. Rg8 Kf7 47. Rc8 Ke7 48. Rg8 Kf7 49. Rc8 Ke7 50. Rg8 Kf7
51. Rc8 Ke7 {Game drawn by repetition} 1/2-1/2

[Event "ICC tourney 2877 (40 10)"]
[Site "Internet Chess Club"]
[Date "2022.04.09"]
[Round "1"]
[White "ASHOK, AMUDHAN:amudhanashok"]
[Black "ALLARD, NATALIYA:PlayWellHaveFun"]
[Result "1/2-1/2"]
[ICCResult "Game drawn by mutual agreement"]
[WhiteElo "1006"]
[BlackElo "1328"]
[Opening "Queen's pawn game"]
[ECO "D02"]
[NIC "QP.08"]
[Time "11:00:28"]
[PlyCount "66"]
[TimeControl "2400+10"]

1. d4 d5 2. Nf3 Bg4 3. e3 a6 4. Be2 e6 5. a3 Bd6 6. h3 Bh5 7. Nc3 Qf6 8. e4
dxe4 9. Nxe4 Qe7 10. Be3 Nf6 11. Nxd6+ Qxd6 12. Qd3 O-O 13. O-O Nc6 14. Rfd1
Bg6 15. Qc4 Na5 16. Qb4 Qxb4 17. axb4 Nc6 18. c3 h6 19. Bf4 Nd5 20. Bg3 Rac8
21. Nh4 Bh7 22. Bf3 Ncxb4 23. cxb4 g5 24. Bxd5 gxh4 25. Bxb7 Rb8 26. Bxa6
hxg3 27. fxg3 Rxb4 28. Rac1 Rb6 29. Bd3 Rc8 30. Bxh7+ Kxh7 31. Rb1 Rcb8 32.
Rbc1 R8b7 33. Rf1 Kg7 {Game drawn by mutual agreement} 1/2-1/2

[Event "ICC tourney 2877 (40 10)"]
[Site "Internet Chess Club"]
[Date "2022.04.09"]
[Round "1"]
[White "Lin, James:MeLikeGame"]
[Black "POWERS, BARNEY:Barnstorm"]
[Result "1-0"]
[ICCResult "Black forfeits on time"]
[WhiteElo "1374"]
[BlackElo "1019"]
[Opening "Pirc defense"]
[ECO "B07"]
[NIC "PU.08"]
[Time "11:00:31"]
[PlyCount "65"]
[TimeControl "2400+10"]

1. e4 d6 2. d4 Nf6 3. Nd2 g6 4. Bd3 Bg7 5. Ngf3 O-O 6. O-O Nbd7 7. a4 e5 8.
c3 exd4 9. cxd4 c5 10. d5 Re8 11. Re1 Ne5 12. Bc2 Bg4 13. h3 Bd7 14. b3 b5
15. Bb2 c4 16. Nxe5 dxe5 17. axb5 cxb3 18. Bxb3 Bxb5 19. Nf3 Nd7 20. Rc1 a5
21. Ra1 Qb6 22. Qd2 Nc5 23. Bc2 Bc4 24. Bc3 a4 25. Ba5 Rxa5 26. Qe3 f6 27.
Bxa4 Bf8 28. Bxe8 Qa6 29. Rxa5 Qxa5 30. Rc1 Qa2 31. Nd2 Nb3 32. Nxb3 Bxb3
33. Bc6 {Black forfeits on time} 1-0

[Event "ICC tourney 2877 (40 10)"]
[Site "Internet Chess Club"]
[Date "2022.04.09"]
[Round "1"]
[White "GOVILKAR, SIDDHARTHA:siddgovilkar"]
[Black "ANGEL, BORYS:BArkadia"]
[Result "0-1"]
[ICCResult "White resigns"]
[WhiteElo "1083"]
[BlackElo "1399"]
[Opening "King's Indian: 5.Nf3"]
[ECO "E90"]
[NIC "KI.22"]
[Time "11:00:28"]
[PlyCount "124"]
[TimeControl "2400+10"]

1. c4 Nf6 2. Nc3 d6 3. Nf3 g6 4. d4 Bg7 5. e4 Nbd7 6. Be2 O-O 7. O-O Re8 8.
Be3 c6 9. Rc1 Qc7 10. h3 e5 11. d5 Nc5 12. Bxc5 dxc5 13. Nh2 a6 14. Bg4 Nxg4
15. Nxg4 h5 16. Nh2 b5 17. b3 Bb7 18. d6 Qb6 19. Qd3 Rad8 20. Rfd1 Rd7 21.
Qg3 Qd8 22. Nf3 Rxd6 23. Rxd6 Qxd6 24. Rd1 Qc7 25. Nh4 Rd8 26. Rf1 Rd2 27.
Qe3 Qd7 28. Nf3 Rd3 29. Qc1 Qe6 30. Rd1 bxc4 31. Rxd3 cxd3 32. Na4 Qd6 33.
Nxc5 Bc8 34. Qc3 Bh6 35. Nxd3 f6 36. Qc4+ Kg7 37. Nc5 Qd1+ 38. Qf1 Qc2 39.
Nxa6 Qxa2 40. Nc5 Qc2 41. b4 Qc3 42. Qe1 Qxe1+ 43. Nxe1 Bd2 44. Ned3 Kf7 45.
h4 Ke7 46. Kf1 Kd6 47. Ke2 Bxb4 48. Nxb4 Kxc5 49. Nd3+ Kd4 50. Kd2 c5 51.
Nxc5 Kxc5 52. Ke3 Kd6 53. g3 f5 54. f3 Bb7 55. exf5 gxf5 56. f4 e4 57. Kd4
Ke6 58. Ke3 Kd5 59. g4 fxg4 60. f5 Ke5 61. f6 Kxf6 62. Kf4 Kg6 {White
resigns} 0-1

[Event "ICC tourney 2877 (40 10)"]
[Site "Internet Chess Club"]
[Date "2022.04.09"]
[Round "1"]
[White "Luhtanen, Mark Andrew:MarkL2357"]
[Black "SRIPADA, ANISHA:waterycargo"]
[Result "1/2-1/2"]
[ICCResult "Game drawn because neither player has mating material"]
[WhiteElo "900"]
[BlackElo "1251"]
[Opening "French: advance, Euwe variation"]
[ECO "C02"]
[NIC "FR.03"]
[Time "11:00:49"]
[PlyCount "154"]
[TimeControl "2400+10"]

1. e4 e6 2. d4 d5 3. e5 c5 4. c3 Nc6 5. Nf3 Bd7 6. Nbd2 Nge7 7. dxc5 Ng6 8.
Qe2 Bxc5 9. b4 Bb6 10. a4 Bc7 11. Nb3 Ngxe5 12. Nxe5 Nxe5 13. Ba3 O-O 14. b5
Re8 15. g3 Nc4 16. Bc1 Be5 17. Nd4 Bxd4 18. cxd4 Qb6 19. Qg4 Qa5+ 20. Kd1
Qd8 21. Bxc4 dxc4 22. Bh6 Qf6 23. Be3 Qg6 24. Qxg6 hxg6 25. Kd2 Rac8 26. Kc3
a6 27. b6 Bc6 28. Rhb1 Be4 29. Rb2 Red8 30. a5 Rd5 31. f4 f6 32. Ra4 Bd3 33.
h4 e5 34. dxe5 fxe5 35. fxe5 Rxe5 36. Bd4 Re2 37. Rxe2 Bxe2 38. Ra2 Bd3 39.
g4 Kf7 40. Rf2+ Kg8 41. g5 Rd8 42. Rh2 Rd5 43. Ra2 Kf7 44. Ra1 Rb5 45. Ra3
Rf5 46. Ra1 Rf4 47. Rh1 Be4 48. Rh2 Bd5 49. Rf2 Rxf2 50. Bxf2 Ke6 51. Kd4
Kd6 52. Be1 Bg8 53. Bc3 Kc6 54. Ke5 Kb5 55. Kd6 Ka4 56. Ke7 Kb3 57. Bxg7 c3
58. Bxc3 Kxc3 59. Kf6 Kb4 60. Kxg6 Kxa5 61. h5 Kxb6 62. h6 a5 63. Kg7 Bb3
64. h7 a4 65. h8=Q Kb5 66. Qe8+ Kb4 67. Qe4+ Ka3 68. Qxb7 Ka2 69. g6 a3 70.
Qg2+ Ka1 71. Qg1+ Kb2 72. Kf8 a2 73. Qf2+ Kb1 74. Qe1+ Kb2 75. g7 a1=Q 76.
Qxa1+ Kxa1 77. g8=Q Bxg8 {Game drawn because neither player has mating
material} 1/2-1/2

[Event "ICC tourney 2877 (40 10)"]
[Site "Internet Chess Club"]
[Date "2022.04.09"]
[Round "2"]
[White "Yang, Daniel Benji:DanielYang99"]
[Black "Luo, Leon:leonluo"]
[Result "1-0"]
[ICCResult "Black checkmated"]
[WhiteElo "1405"]
[BlackElo "1203"]
[Opening "Giuoco Piano: Greco's attack"]
[ECO "C54"]
[NIC "IG.02"]
[Time "13:15:36"]
[PlyCount "39"]
[TimeControl "2400+10"]

1. e4 e5 2. Nf3 Nc6 3. Bc4 Bc5 4. c3 Nf6 5. d4 exd4 6. cxd4 Bb4+ 7. Nc3
Bxc3+ 8. bxc3 d5 9. exd5 Nxd5 10. Ba3 Nde7 11. O-O O-O 12. Re1 Re8 13. Qb3
Rf8 14. Ng5 Bd7 15. Nxf7 Rxf7 16. Bxf7+ Kf8 17. Bxe7+ Nxe7 18. Re3 Nf5 19.
Bg8 Nxe3 20. Qf7# {Black checkmated} 1-0

[Event "ICC tourney 2877 (40 10)"]
[Site "Internet Chess Club"]
[Date "2022.04.09"]
[Round "2"]
[White "JAIN, PARINYA:StockAlpha2020"]
[Black "HAMLETT, JAMES MORRISON:Hamlett144"]
[Result "1-0"]
[ICCResult "Black resigns"]
[WhiteElo "1415"]
[BlackElo "1254"]
[Opening "French: exchange variation"]
[ECO "C01"]
[NIC "FR.01"]
[Time "13:15:36"]
[PlyCount "41"]
[TimeControl "2400+10"]

1. e4 e6 2. d4 d5 3. exd5 exd5 4. c4 Nf6 5. Nc3 Bb4 6. a3 Bxc3+ 7. bxc3 O-O
8. Nf3 Re8+ 9. Be3 Ng4 10. Qd2 Bf5 11. Be2 c6 12. O-O Nd7 13. cxd5 cxd5 14.
Bg5 Ndf6 15. h3 Ne4 16. Qf4 Nexf2 17. Bxd8 Nxh3+ 18. gxh3 Ne3 19. Rf2 Raxd8
20. Ne5 f6 21. Qxe3 {Black resigns} 1-0

[Event "ICC tourney 2877 (40 10)"]
[Site "Internet Chess Club"]
[Date "2022.04.09"]
[Round "2"]
[White "GOVILKAR, SIDDHARTHA:siddgovilkar"]
[Black "STINSON, RUSSELL:rcstinson"]
[Result "0-1"]
[ICCResult "White resigns"]
[WhiteElo "1083"]
[BlackElo "1400"]
[Opening "Nimzo-Indian: three knights variation"]
[ECO "E21"]
[NIC "NI.28"]
[Time "13:15:30"]
[PlyCount "106"]
[TimeControl "2400+10"]

1. c4 Nf6 2. Nc3 e6 3. d4 Bb4 4. Nf3 c5 5. Bg5 h6 6. Bh4 O-O 7. e3 g5 8. Bg3
Ne4 9. Qc2 Qa5 10. Rc1 f5 11. Bxb8 Rxb8 12. a3 Bxc3+ 13. bxc3 cxd4 14. Nxd4
Qxa3 15. Bd3 d5 16. Bxe4 fxe4 17. cxd5 exd5 18. O-O Qe7 19. f3 exf3 20. Rxf3
Rxf3 21. Nxf3 Qxe3+ 22. Kh1 Qe4 23. Qa2 a6 24. Re1 Qc4 25. Re8+ Kg7 26. Qc2
Qf1+ 27. Ng1 Bf5 28. Re7+ Kf8 29. Qe2 Qxe2 30. Rxe2 Kg7 31. Nf3 Bg4 32. h3
Bxf3 33. gxf3 Kf7 34. Rb2 b5 35. Kg2 Ke6 36. Kg3 Kd6 37. f4 gxf4+ 38. Kxf4
Kc5 39. h4 Kc4 40. Ra2 Rb6 41. Rd2 Rd6 42. Ke5 Kxc3 43. Rxd5 Rxd5+ 44. Kxd5
b4 45. Ke5 b3 46. Kf6 b2 47. Kg6 b1=Q+ 48. Kxh6 Qh1 49. h5 Qxh5+ 50. Kxh5 a5
51. Kg5 a4 52. Kf4 a3 53. Ke3 a2 {White resigns} 0-1

[Event "ICC tourney 2877 (40 10)"]
[Site "Internet Chess Club"]
[Date "2022.04.09"]
[Round "2"]
[White "GUO, MAX:salamenceg"]
[Black "HUANG, BRIAN:Checkmater2228"]
[Result "1-0"]
[ICCResult "Black checkmated"]
[WhiteElo "1188"]
[BlackElo "864"]
[Opening "Ruy Lopez: Möller defense"]
[ECO "C78"]
[NIC "RL.12"]
[Time "13:15:30"]
[PlyCount "143"]
[TimeControl "2400+10"]

1. e4 e5 2. Nf3 Nc6 3. Bb5 a6 4. Ba4 Nf6 5. O-O Bc5 6. Bxc6 dxc6 7. Nxe5 Qd4
8. Nf3 Qd6 9. e5 Qe6 10. exf6 Qxf6 11. d4 Bb6 12. Re1+ Be6 13. Bg5 Qg6 14.
Nc3 O-O 15. d5 cxd5 16. Nxd5 Bxd5 17. Qxd5 Qxc2 18. Qd2 Qg6 19. Ne5 Qf5 20.
Qf4 Qc2 21. Be7 f6 22. Qc4+ Qxc4 23. Nxc4 Rfe8 24. Nxb6 cxb6 25. Bb4 a5 26.
Bc3 Rac8 27. Rad1 a4 28. Rxe8+ Rxe8 29. h3 Rc8 30. Rd7 a3 31. Rxb7 axb2 32.
Bxb2 Rc2 33. Rxb6 Kf7 34. a4 Ke7 35. a5 Kd7 36. a6 Rc8 37. Rb7+ Rc7 38. a7
Rxb7 39. a8=Q Rxb2 40. Qd5+ Ke7 41. Qc5+ Ke8 42. Qc6+ Kf7 43. Qd7+ Kf8 44.
Qd6+ Kf7 45. f4 Rb1+ 46. Kf2 Rb2+ 47. Ke3 Rb3+ 48. Kd4 Rb1 49. Ke4 Re1+ 50.
Kf5 g6+ 51. Kg4 h5+ 52. Kf3 Rf1+ 53. Ke2 Rg1 54. Qd7+ Kf8 55. g4 Rg2+ 56.
Kf3 Rh2 57. f5 Rxh3+ 58. Kg2 hxg4 59. fxg6 Rh7 60. Qd8+ Kg7 61. gxh7 Kxh7
62. Qxf6 Kg8 63. Qg6+ Kf8 64. Qxg4 Ke8 65. Qg7 Kd8 66. Kf3 Ke8 67. Ke4 Kd8
68. Kd5 Kc8 69. Kc6 Kb8 70. Qf8+ Ka7 71. Qe7+ Ka8 72. Qb7# {Black
checkmated} 1-0

[Event "ICC tourney 2877 (40 10)"]
[Site "Internet Chess Club"]
[Date "2022.04.09"]
[Round "2"]
[White "ANGEL, BORYS:BArkadia"]
[Black "BENDRE, KAVIN ANUP:kbendre"]
[Result "1-0"]
[ICCResult "Black checkmated"]
[WhiteElo "1399"]
[BlackElo "1092"]
[Opening "Sicilian: Scheveningen (Paulsen), classical variation"]
[ECO "B84"]
[NIC "SI.23"]
[Time "13:15:25"]
[PlyCount "53"]
[TimeControl "2400+10"]

1. e4 c5 2. Nf3 d6 3. d4 cxd4 4. Nxd4 Nf6 5. Nc3 a6 6. Be2 e6 7. Bg5 Nbd7 8.
Qd2 Be7 9. f4 h6 10. Bh4 b5 11. Nc6 Qc7 12. Nxe7 Kxe7 13. O-O-O Rd8 14. f5
Kf8 15. fxe6 fxe6 16. Rhf1 Kg8 17. Bxf6 Nxf6 18. e5 Ne8 19. Bh5 d5 20. Qf4
Qe7 21. Rd3 Nc7 22. Bf7+ Kh8 23. Rh3 Kh7 24. Qg4 Rf8 25. Qg6+ Kh8 26. Rxh6+
gxh6 27. Qxh6# {Black checkmated} 1-0

[Event "ICC tourney 2877 (40 10)"]
[Site "Internet Chess Club"]
[Date "2022.04.09"]
[Round "2"]
[White "POWERS, BARNEY:Barnstorm"]
[Black "ZHAO, DANSON:K01-30127679"]
[Result "0-1"]
[ICCResult "White resigns"]
[WhiteElo "1019"]
[BlackElo "1234"]
[Opening "Réti: King's Indian attack"]
[ECO "A05"]
[NIC "QP.11"]
[Time "13:15:55"]
[PlyCount "64"]
[TimeControl "2400+10"]

1. Nf3 Nf6 2. g3 g6 3. Bg2 Bg7 4. O-O O-O 5. d3 d6 6. e4 e5 7. Nbd2 Nbd7 8.
Re1 Re8 9. h4 h5 10. Ng5 Nh7 11. Ndf3 Ndf6 12. c3 Ng4 13. Nxh7 Kxh7 14. Ng5+
Kg8 15. f3 Nh6 16. Be3 f6 17. Nh3 Be6 18. Qd2 Kh7 19. d4 Qd7 20. Kh2 exd4
21. Bxh6 dxc3 22. bxc3 Bxh6 23. Qd4 Qf7 24. a4 a6 25. Rab1 Rab8 26. f4 b6
27. Rb2 Rbd8 28. Reb1 f5 29. e5 dxe5 30. Qxe5 Ba2 31. Qxe8 Rxe8 32. Rxa2
Qxa2 {White resigns} 0-1

[Event "ICC tourney 2877 (40 10)"]
[Site "Internet Chess Club"]
[Date "2022.04.09"]
[Round "2"]
[White "WU, DARREN:chessboy111"]
[Black "LAIDO, MATTHEW:Dabao"]
[Result "1-0"]
[ICCResult "Black resigns"]
[WhiteElo "768"]
[BlackElo "1095"]
[Opening "Scotch gambit"]
[ECO "C44"]
[NIC "SO.06"]
[Time "13:15:27"]
[PlyCount "55"]
[TimeControl "2400+10"]

1. e4 e5 2. Nf3 Nc6 3. d4 exd4 4. Bc4 Bc5 5. O-O Nge7 6. c3 dxc3 7. Ng5 O-O
8. Qh5 h6 9. Nxf7 Rxf7 10. Bxf7+ Kf8 11. Bb3 Qe8 12. Qxc5 cxb2 13. Bxb2 d6
14. Qc3 Qg6 15. Qg3 Qh7 16. Re1 Bd7 17. Re3 Ke8 18. Bxg7 Ng6 19. Bb2 Ke7 20.
Nc3 Re8 21. Nd5+ Kd8 22. Nf6 Qe7 23. Nxe8 Bxe8 24. f4 Kc8 25. e5 Kb8 26.
exd6 Qd7 27. dxc7+ Kc8 28. Be6 {Black resigns} 1-0

[Event "ICC tourney 2877 (40 10)"]
[Site "Internet Chess Club"]
[Date "2022.04.09"]
[Round "2"]
[White "Chen, Angelique Lee:oklahoo"]
[Black "SAUL, BRUCE H:Bdevil81"]
[Result "0-1"]
[ICCResult "White checkmated"]
[WhiteElo "884"]
[BlackElo "1216"]
[Opening "Caro-Kann: advance variation"]
[ECO "B12"]
[NIC "CK.04"]
[Time "13:15:31"]
[PlyCount "82"]
[TimeControl "2400+10"]

1. e4 c6 2. d4 d5 3. e5 Bf5 4. Nf3 e6 5. Be2 c5 6. c3 Nc6 7. Be3 Qb6 8. Qd2
cxd4 9. cxd4 Bxb1 10. Rxb1 Bb4 11. O-O Bxd2 12. Bxd2 Nge7 13. Bc3 O-O 14.
Bd3 h6 15. Rbd1 Rfc8 16. Bc2 Na5 17. Ba4 Nc4 18. Rb1 Rc7 19. Bb3 a6 20. Rfd1
Rac8 21. Nd2 Nxd2 22. Rxd2 Nc6 23. Rd3 Na5 24. Ba4 Nc4 25. Rg3 Qa7 26. Rg4
b5 27. Bd1 a5 28. a3 Nxa3 29. Ra1 b4 30. Bd2 Nc2 31. Bxc2 Rxc2 32. Rd1 Rxd2
33. Rf1 Rxd4 34. Rxd4 Qxd4 35. g3 Qxb2 36. Re1 Rc1 37. Rxc1 Qxc1+ 38. Kg2 b3
39. Kh3 b2 40. Kg2 b1=Q 41. Kf3 Qe4# {White checkmated} 0-1